 Dungeon Crawl Stone Soup version 0.27-a0-676-gc1da3516c2 (webtiles) character file.

Game seed: 3547266561110947851

6724 Gaff the Slinger (level 11, -3/76 HPs)
             Began as a Halfling Hunter on Mar 18, 2021.
             Was an Elder of Fedhas.
             Blown up by Maurice (28 damage)
             ... with a mindburst bolt
             ... on level 9 of the Dungeon.
             The game lasted 01:06:55 (16352 turns).

Gaff the Slinger (Halfling Hunter)                 Turns: 16352, Time: 01:06:55

Health: -3/76      AC:  9    Str: 23    XL:     11   Next: 24%
Magic:  13/13      EV: 21    Int:  9    God:    Fedhas [****..]
Gold:   780        SH:  0    Dex: 19    Spells: 10/10 levels left

rFire    . . .     SeeInvis .   b - +2 dagger (venom)
rCold    . . .     Faith    +   (shield restricted)
rNeg     + . .     Spirit   .   Q - +3 leather armour
rPois    +         Reflect  .   G - +0 helmet
rElec    .         Harm     .   (no cloak)
rCorr    .         Rampage  .   O - +0 pair of gloves of Limitation {rPois Str+4 Slay+2 Stlth+}
Will     .....                  z - +0 pair of boots
Stlth    +++++.....             q - amulet of faith
HPRegen  0.22/turn              o - +6 ring of strength
MPRegen  0.13/turn              T - ring of positive energy

@: no status effects
A: small, no large weapons, mutation resistance 1
a: Renounce Religion, Wall of Briars, Grow Ballistomycete, Overgrow


You were on level 9 of the Dungeon.
You worshipped Fedhas.
Fedhas was greatly pleased with you.
You visited 2 branches of the dungeon, and saw 12 of its levels.

You collected 780 gold pieces.

Inventory:

Hand Weapons
 a - a +1 hunting sling
 b - a +2 dagger of venom (weapon)
 k - a +4 flail of venom
 C - a +1 falchion of freezing
Missiles
 d - 106 sling bullets
 e - 351 stones (quivered)
 i - 45 poisoned darts
 X - 9 boomerangs
Armour
 c - a +1 leather armour
 l - a +0 ring mail
 z - a +0 pair of boots (worn)
 D - a +0 pair of gloves
 F - a +0 animal skin
 G - a +0 helmet (worn)
 O - the +0 pair of gloves of Limitation (worn) {rPois Str+4 Slay+2 Stlth+}
   (You found it on level 8 of the Dungeon)

   It affects your strength (+4).
   It affects your accuracy and damage with ranged weapons and melee attacks
   (+2).
   It protects you from poison.
   It makes you more stealthy.
 Q - a +3 leather armour (worn)
Jewellery
 o - a +6 ring of strength (right hand)
 q - an amulet of faith (around neck)
 T - a ring of positive energy (left hand)
 Y - an amulet of the acrobat
 Z - a +6 ring of intelligence
Wands
 t - a wand of paralysis (11)
 v - a wand of digging (5)
 H - a wand of random effects (70)
 I - a wand of flame (30)
 J - a wand of mindburst (35)
 M - a wand of iceblast (20)
 P - a wand of acid (6)
Scrolls
 g - 2 scrolls of magic mapping
 m - 2 scrolls of acquirement {unknown}
 n - 2 scrolls of enchant armour
 p - a scroll of fog
 r - 4 scrolls of immolation
 w - a scroll of fear
 y - a scroll of brand weapon
 E - a scroll of enchant weapon
 N - a scroll of blinking
 W - a scroll of noise {unknown}
Potions
 f - 2 potions of magic
 h - 2 potions of mutation {unknown}
 j - a potion of might {unknown}
 s - 4 potions of attraction {unknown}
 x - 2 potions of degeneration {unknown}
 A - 2 potions of invisibility
 B - a potion of resistance
 K - a potion of heal wounds
 L - 5 potions of curing
 R - a potion of brilliance
 S - a potion of lignification
 U - a potion of flight {unknown}
 V - a potion of cancellation


   Skills:
 + Level 7.7 Fighting
 - Level 3.0 Short Blades
 + Level 12.6 Slings
 - Level 2.7 Armour
 + Level 9.9 Dodging
 + Level 7.1 Stealth
 + Level 3.3 Invocations


You had 10 spell levels left.
You didn't know any spells.
Your spell library contained the following spells:

 Spells                   Type           Power      Damage    Failure   Level
 Animate Skeleton         Necr           0%         N/A       43%         1
 Magic Dart               Conj           0%         1d3       43%         1
 Pain                     Necr           0%         1d4       43%         1
 Blink                    Tloc           N/A        N/A       56%         2
 Call Imp                 Summ           0%         N/A       56%         2
 Poisonous Vapours        Pois/Air       0%         N/A       56%         2
 Slow                     Hex            0%         N/A       56%         2
 Conjure Flame            Conj/Fire      0%         6-21      80%         3
 Mephitic Cloud           Conj/Pois/Air  0%         N/A       80%         3
 Vampiric Draining        Necr           0%         2d6       80%         3
 Animate Dead             Necr           0%         N/A       99%         4
 Agony                    Necr           0%         N/A       100%        5
 Freezing Cloud           Conj/Ice/Air   0%         6-21      100%        6


Dungeon Overview and Level Annotations

Branches:
Dungeon (11/15)            Temple (1/1) D:6            Lair (0/6) D:10
    Orc: D:9-12

Altars:
Ashenzari
Cheibriados
Dithmenos
Elyvilon
Fedhas
Gozag
Hepliaklqana
Kikubaaqudgha
Makhleb
Nemelex Xobeh
Okawaru
Qazlal
Ru
Sif Muna
Trog
Uskayaw
Vehumet
Wu Jian
Xom
Yredelemnul
Zin
The Shining One

Annotations:
D:9 Gastronok, Maurice
D:11 Erolcha


Innate Abilities, Weirdness & Mutations

You are small and have problems with some larger weapons.
You are somewhat resistant to further mutation.


Message History

The two-headed ogre hits you with a +0 giant club!!
You barely miss the two-headed ogre.
The two-headed ogre is lightly wounded.
The two-headed ogre hits you with a +0 giant club.
The two-headed ogre hits you with a +0 giant club!!
* * * LOW HITPOINT WARNING * * *
Aiming: Paralyse
Press: ? - help, Shift-Dir - straight line, f - two-headed ogre
Aim: a two-headed ogre, wielding two +0 giant clubs (lightly wounded, chance to affect: 28%)
Okay, then.
That's the wrong kind of item! (Use * to select it.) Evoke which item? (* to show all) (? for menu, Esc to quit)
Okay, then.
Aiming: Corrosive Bolt
Press: ? - help, Shift-Dir - straight line, f - two-headed ogre
Aim: a two-headed ogre, wielding two +0 giant clubs (lightly wounded, 14% to evade)
The bolt of acid hits the two-headed ogre!
The two-headed ogre is splashed with acid.
The acid corrodes the two-headed ogre!
The two-headed ogre is moderately wounded.
The two-headed ogre barely misses you.
The two-headed ogre hits you with a +0 giant club!
* * * LOW HITPOINT WARNING * * *
There is a stone staircase leading up here.
You climb upwards.
Level annotation: Gastronok, Maurice Maurice zaps a wand.
Your mind is blasted!
* * * LOW HITPOINT WARNING * * *
There is a stone staircase leading down here.
Okay, then.
You feel much better.
The white imp hits you but does no damage.
You hit Maurice.
Maurice is poisoned.
Maurice is lightly wounded.
Maurice barely misses you. The white imp completely misses you.
You completely miss Maurice.
Maurice is lightly wounded.
Maurice zaps a wand.
Your mind is blasted!
You die...
Fedhas appreciates your contribution to the ecosystem.

#... #...... #...# #.##.##
#...###### #.##.##
#.....<..# ##......
.#####....###.####....###
........................#
.............#.##..#..#..
.........@.....##.#......
###..@5###.5..########
#...........#...#...
#...####..8.'._.#### #..[#
##...#)..#### #...#
#...#####..#
########..[#####.#####.##.#
#.......#......#.......##.#
#..........###.##########..
#.......##.#......# ###


You could see Maurice (very poisoned) and a white imp.

Vanquished Creatures
  A komodo dragon (D:10)
  Grinder (D:6)
  Prince Ribbit (D:6)
  A wraith (D:10)
  A wyvern (D:9)
  5 yaks
  Eustachio (D:5)
  Grum (D:10)
  Edmund (D:6)
  A water moccasin (D:6)
  3 orc warriors
  Purgy (D:2)
  A sky beast (D:7)
  A necrophage (D:8)
  6 ogres
  4 wolves
  3 phantoms
  3 centaurs
  4 bullfrogs
  A gnoll sergeant (D:8)
  4 scorpions
  10 killer bees
  5 wights
  4 jellies
  A bullfrog skeleton (D:5)
  2 centaur skeletons
  8 orc priests
  A gnoll shaman (D:7)
  6 hounds
  Jessica (D:2)
  7 orc wizards
  2 iguanas
  6 worker ants
  A hound skeleton (D:5)
  Robin (D:4)
  9 gnolls
  10 adders
  3 river rats (D:5)
  3 shadow imps
  7 white imps
  3 ufetubi
  An ooze (D:4)
  An adder zombie (D:5)
  An adder skeleton (D:7)
  6 worms
  A dart slug (D:4)
  5 leopard geckos
  26 orcs
  10 bats
  6 giant cockroaches
  20 goblins
  10 hobgoblins
  12 jackals
  7 quokkas
  A ball python (D:3)
  4 frilled lizards
  2 jackal skeletons
  A jackal zombie (D:5)
  5 kobolds
  A leopard gecko skeleton (D:4)
  2 quokka zombies
  4 rats (D:1)
261 creatures vanquished.

Vanquished Creatures (others)
  An orc wizard (D:6)
  An orc (D:8)
  3 plants (D:10)
5 creatures vanquished.

Grand Total: 266 creatures vanquished

Notes
Turn   | Place    | Note
-------+----------+-------------------------------------------
     0 | D:1      | Gaff the Halfling Hunter began the quest for the Orb.
     0 | D:1      | Reached XP level 1. HP: 14/14 MP: 1/1
    81 | D:1      | Reached skill level 6 in Slings
   107 | D:1      | Reached XP level 2. HP: 19/19 MP: 2/2
   399 | D:1      | Reached XP level 3. HP: 24/24 MP: 3/3
   800 | D:2      | Noticed Jessica
   807 | D:2      | Killed Jessica
   808 | D:2      | Reached XP level 4. HP: 30/30 MP: 4/4
  1713 | D:3      | Found a radiant altar of Vehumet.
  1715 | D:3      | Found a broken altar of Ashenzari.
  1715 | D:3      | Found a shimmering altar of Xom.
  1717 | D:3      | Found an opulent altar of Gozag.
  1717 | D:3      | Found a shimmering altar of Xom.
  1717 | D:3      | Found a basalt altar of Yredelemnul.
  1798 | D:3      | Noticed Purgy
  1816 | D:2      | Reached XP level 5. HP: 20/35 MP: 5/5
  2194 | D:2      | Killed Purgy
  2195 | D:2      | Reached skill level 7 in Slings
  2195 | D:2      | Reached XP level 6. HP: 40/42 MP: 6/6
  3262 | D:4      | Noticed Robin
  3486 | D:4      | Reached XP level 7. HP: 46/46 MP: 7/7
  3560 | D:4      | Killed Robin
  3797 | D:4      | Found a shimmering blue altar of Sif Muna.
  4628 | D:5      | Entered Level 5 of the Dungeon
  4628 | D:5      | Noticed a yak
  4628 | D:5      | Noticed a yak
  4628 | D:5      | Noticed a yak
  4628 | D:5      | Noticed a yak
  4630 | D:5      | Noticed a yak
  4667 | D:5      | Reached skill level 8 in Slings
  4908 | D:5      | Noticed a water moccasin
  5020 | D:5      | Reached XP level 8. HP: 54/54 MP: 8/8
  5094 | D:5      | Found an ancient bone altar of Kikubaaqudgha.
  5201 | D:5      | Reached skill level 5 in Dodging
  5201 | D:5      | Reached skill level 5 in Stealth
  5276 | D:6      | Found a staircase to the Ecumenical Temple.
  5286 | Temple   | Entered the Ecumenical Temple
  5593 | Temple   | Became a worshipper of Fedhas Madash
  5849 | D:6      | Noticed a two-headed ogre
  6034 | D:4      | Killed a yak
  6035 | D:4      | Reached skill level 1 in Short Blades
  6035 | D:4      | Reached skill level 9 in Slings
  6165 | D:4      | Killed a yak
  6312 | D:4      | Killed a yak
  6313 | D:4      | Reached XP level 9. HP: 43/60 MP: 9/9
  6424 | D:4      | Reached skill level 5 in Fighting
  6629 | D:5      | Reached * piety under Fedhas
  6729 | D:5      | Reached skill level 10 in Slings
  7834 | D:6      | Noticed Prince Ribbit
  7857 | D:6      | Killed Prince Ribbit
  8033 | D:6      | Noticed Eustachio
  8040 | D:6      | Reached ** piety under Fedhas
  8046 | D:6      | Noticed Grinder
  8170 | D:5      | Killed Eustachio
  8284 | D:6      | Reached skill level 11 in Slings
  8284 | D:6      | Noticed Edmund
  8314 | D:6      | Killed Edmund
  8315 | D:6      | Reached XP level 10. HP: 67/69 MP: 10/10
  9218 | D:6      | Found a snail-covered altar of Cheibriados.
  9294 | D:6      | Paralysed by Grinder for 7 turns
  9325 | D:6      | Killed Grinder
 10848 | D:8      | Reached *** piety under Fedhas
 11393 | D:8      | Reached skill level 1 in Invocations
 11621 | D:8      | Identified the +0 pair of gloves of Limitation {rPois Str+4
                  | Slay+2 Stlth+}
 11683 | D:7      | Reached skill level 12 in Slings
 11975 | D:8      | Noticed a two-headed ogre
 12783 | D:6      | Reached skill level 1 in Armour
 13194 | D:8      | Reached **** piety under Fedhas
 13351 | D:9      | Noticed Maurice
 13956 | D:9      | Found an iron altar of Okawaru.
 13959 | D:9      | Noticed Gastronok
 14178 | D:10     | Entered Level 10 of the Dungeon
 14228 | D:9      | Reached XP level 11. HP: 68/75 MP: 12/12
 14976 | D:10     | Noticed Grum
 15168 | D:10     | Killed Grum
 15380 | D:10     | Found a staircase to the Lair.
 16299 | D:10     | Noticed a two-headed ogre
 16323 | D:11     | Noticed Erolcha
 16323 | D:11     | Noticed a purple ugly thing
 16349 | D:9      | HP: 3/76 [disintegration (16)]
 16352 | D:9      | Blown up by Maurice

Illustrated notes

Levels and vault maps discovered:
D:1:      dpeg_arrival_signposts, layout_basic
D:2:      layout_loops_ring, kennysheep_generic_room_7, uniq_jessica
D:3:      layout_basic, minmay_misc_feat_iff, doesnt_xom_only_xom, uniq_purgy
D:4:      layout_cave_pools, chequers_garden, lemuel_blue_sif_altar, uniq_robin
D:5:      minmay_diamond_boxcup, layout_basic,
          nicolae_kikubaaqudgha_miasma_corner, gup_sewer_entry_spiral
D:6:      layout_basic, minmay_temple_entry_nine_rooms, basic_altar,
          minmay_joined_circles, uniq_prince_ribbit1, uniq_grinder,
          uniq_eustachio, uniq_edmund
D:7:      layout_rooms, wad_floor_pattern_untrapped
D:8:      layout_loops_corners, corner_web_ring
D:9:      layout_loops_cross, orc_0_dummy, serial_shops, shop, minivault_24,
          david_defended_altar_orc, uniq_gastronok, uniq_maurice
D:10:     layout_cross, david_lair_shrubbed, biasface_ghost_orc_armoury,
          evilmike_minifort, uniq_grum
D:11:     layout_rooms, grunt_ministairs_10, minmay_lindwurm_lava,
          uniq_josephine, uniq_erolcha
Temple:   regret_index_temple_sigil_plot

Skill      XL: |  1  2  3  4  5  6  7  8  9 10 11 |
---------------+----------------------------------+-----
Slings         | 6 7 8 9 11 12 | 12.6
Fighting       | 2 3 4 6 7 |  7.7
Stealth        | 2 3 4 6 7 |  7.1
Dodging        | 3 4 6 7 9 |  9.9
Short Blades   | 2 3 |  3.0
Invocations    | 2 3 |  3.3
Armour         | 1 2 |  2.7

Action                   |  1- 3 |  4- 6 |  7- 9 | 10-12 || total
-------------------------+-------+-------+-------+-------++-------
Melee: Short sword       |    15 |    20 |       |       ||    35
       Dagger            |       |    63 |   287 |   432 ||   782
       Unarmed           |       |       |    10 |       ||    10
 Fire: Hunting sling     |    38 |   113 |   152 |   161 ||   464
Throw: Stone             |       |       |     6 |     3 ||     9
Invok: Wall of Briars    |       |       |       |     3 ||     3
Evoke: Wand              |       |       |       |     2 ||     2
  Use: Scroll            |       |     1 |     7 |    13 ||    21
       Potion            |       |       |     2 |     3 ||     5
 Stab: Sleeping          |       |     1 |     7 |     8 ||    16
       Distracted        |       |       |       |     2 ||     2
Armor: Leather armour    |     2 |    23 |    49 |    70 ||   144
Dodge: Dodged            |    18 |   100 |   225 |   432 ||   775

Table legend: (Time is in decaauts)
 A = Elapsed time spent in this place.
 B = Non-inter-level travel time spent in this place.
 C = Inter-level travel time spent in this place.
 D = Time resting spent in this place.
 E = Time spent auto-exploring this place.
 F = Levels seen in this place.
 G = Mean time per level.
                   A        B        C        D        E       F      G
               +--------+--------+--------+--------+--------+-----+--------+
         Total |  16179 |  15635 |    544 |   5472 |   4184 |  12 | 1348.2 |
       Dungeon |  15710 |  15188 |    522 |   5472 |   3799 |  11 | 1428.2 |
        Temple |    468 |    446 |     22 |      0 |    385 |   1 |  468.0 |
               +--------+--------+--------+--------+--------+-----+--------+

Top non-repeatable levels by time:
     D:6: 2214 daAuts
     D:4: 1887 daAuts
     D:7: 1772 daAuts
     D:5: 1749 daAuts
     D:8: 1623 daAuts
     D:9: 1559 daAuts
     D:2: 1489 daAuts
    D:10: 1348 daAuts
     D:3: 1323 daAuts
     D:1: 740 daAuts
  Temple: 468 daAuts
    D:11: 1 daAuts
